 Dungeon Crawl Stone Soup version 0.31-a0-366-ga77b45bd9b (webtiles) character file.

Game seed: 17456387458511210256

9 Nolga the Slasher (level 2, 20/22 HPs)
             Began as a Demonspawn Gladiator on July 28, 2023.
             Quit the game on level 1 of the Dungeon.
             The game lasted 00:00:40 (118 turns).

Nolga the Slasher (Demonspawn Gladiator)             Turns: 118, Time: 00:00:41

Health: 20/22      AC:  4    Str: 14    XL:     2   Next: 3%
Magic:  2/2        EV: 12    Int:  9    God:
Gold:   13         SH:  0    Dex: 14    Spells: 1/1 levels left

rFire   . . .        a - +0 long sword
rCold   . . .        (no shield)
rNeg    . . .        b - +0 leather armour
rPois   .            c - +0 helmet
rElec   .            (no cloak)
rCorr   .            (no gloves)
SInv    .            (no boots)
Will    .....        (no amulet)
Stlth   +            (no ring)
HPRegen 0.23/turn    (no ring)
MPRegen 0.08/turn

%: no passive effects
@: no status effects
A: demonic touch 1
a: no special abilities


You were on level 1 of the Dungeon.
You visited 1 branch of the dungeon, and saw 1 of its levels.

You collected 13 gold pieces.

Inventory:

Hand Weapons
 a - a +0 long sword (weapon)
Missiles
 d - 3 throwing nets (quivered)
 e - a javelin
Armour
 b - a +0 leather armour (worn)
 c - a +0 helmet (worn)
Scrolls
 f - a scroll of noise {unknown}
Potions
 g - 2 potions of cancellation {unknown}


   Skills:
 + Level 2.2 Fighting
 + Level 2.9 Long Blades
 - Level 1.7 Throwing
 + Level 2.9 Dodging


You had one spell level left.
You didn't know any spells.
Your spell library was empty.

Dungeon Overview and Level Annotations

Branches:
Dungeon (1/15)

Altars:


Innate Abilities, Weirdness & Mutations

Your touch may inflict minor irresistible damage on your foes.


Message History

You barely miss the giant cockroach. The giant cockroach misses you.
The goblin hits you but does no damage.
The giant cockroach bites you but does no damage.
You slash the giant cockroach!
You kill the giant cockroach!
The goblin closely misses you.
You hit the goblin.
The goblin is moderately wounded.
The goblin hits you but does no damage. The kobold closely misses you.
The goblin hits you with a +0 dagger.
You hit the goblin but do no damage.
The goblin is moderately wounded.
The goblin misses you.
The kobold hits you with a +0 short sword.
You closely miss the goblin.
The goblin is moderately wounded.
The goblin hits you with a +0 dagger. The kobold barely misses you.
You hit the goblin.
You kill the goblin!
The kobold hits you but does no damage. The kobold closely misses you.
You slash the kobold!
You kill the kobold!
No target in view!
No target in view!
A bat comes into view.
The bat moves out of view.
A bat is nearby!
A bat is nearby!
Unknown command.
A bat is nearby!
A bat is nearby!
The bat hits you but does no damage.
You closely miss the bat. The bat closely misses you.
The bat barely misses you.
You hit the bat.
You kill the bat!
You have reached level 2!
Your demonic ancestry asserts itself...
Your hands begin to faintly glow with unholy energy.
Are you sure you want to abandon this character and quit the game? (Confirm with "yes".)

.# #....# ......
..#####....######......
....##.................
....##............=..#
.....#........)......#
..............)......#
....##.....##........#..
...........##...........
.........#####..@.......
...............#).......
##....###...##..........
#....# #...###.......#.
##....# #....##.......#


PPPPPP# #..)....#....... PPPPPP# #..)....#####.#. ..PPPP# ##......# .# PP.PPP#
#.......# There were no monsters in sight!

Vanquished Creatures
  A bat (D:1)
  An endoplasm (D:1)
  A giant cockroach (D:1)
  A hobgoblin (D:1)
  2 goblins (D:1)
  A kobold (D:1)
  A rat (D:1)
8 creatures vanquished.

Notes
Turn   | Place    | Note
-------+----------+-------------------------------------------
     0 | D:1      | Nolga the Demonspawn Gladiator began the quest for the Orb.
     0 | D:1      | Reached XP level 1. HP: 16/16 MP: 1/1
   118 | D:1      | Gained mutation: Your touch may inflict minor irresistible
                  | damage on your foes. [demonic ancestry]
   118 | D:1      | Reached XP level 2. HP: 20/22 MP: 2/2
   118 | D:1      | Quit the game

Illustrated notes

Levels and vault maps discovered:
D:1:      roderic_crop_circles_arrival_small, layout_basic,
          ebering_ecumenical_altar_petrified

Action                     || total
---------------------------++-------
  Melee: Long sword        ||    18
 Armour: Leather armour    ||     5
  Dodge: Dodged            ||    16

Table legend: (Time is in decaauts)
 A = Elapsed time spent in this place.
 B = Non-inter-level travel time spent in this place.
 C = Inter-level travel time spent in this place.
 D = Time resting spent in this place.
 E = Time spent auto-exploring this place.
 F = Levels seen in this place.
 G = Mean time per level.
                   A        B        C        D        E       F      G
               +--------+--------+--------+--------+--------+-----+--------+
         Total |    122 |    122 |      0 |      0 |     81 |   1 |  122.0 |
       Dungeon |    122 |    122 |      0 |      0 |     81 |   1 |  122.0 |
               +--------+--------+--------+--------+--------+-----+--------+

Top non-repeatable levels by time:
     D:1: 122 daAuts
